 Dungeon Crawl Stone Soup version 0.31-a0-188-g5e087ee2ca (webtiles) character file.

Game seed: 7614695844139720615

1306 qw the Skirmisher (level 8, -2/47 HPs)
             Began as a Deep Elf Hunter on June 22, 2023.
             Was an Initiate of Okawaru.
             Slain by a troll (16 damage)
             ... on level 6 of the Dungeon.
             The game lasted 00:02:00 (4591 turns).

qw the Skirmisher (Deep Elf Hunter)                 Turns: 4591, Time: 00:02:00

Health: -2/47      AC:  7    Str: 14    XL:     8   Next: 32%
Magic:  9/10       EV: 12    Int: 14    God:    Okawaru [......]
Gold:   225        SH:  0    Dex: 17    Spells: 7/7 levels left

rFire   + . .        Y - +2 shortbow
rCold   . . .        (shield currently unavailable)
rNeg    . . .        d - +2 ring mail
rPois   .            (no helmet)
rElec   .            (no cloak)
rCorr   .            (no gloves)
SInv    .            (no boots)
Will    +....        (no amulet)
Stlth   +            b - ring of protection from fire
HPRegen 0.27/turn    f - ring of willpower
MPRegen 0.12/turn

%: no passive effects
@: no status effects
A: fangs 1, strong 1
a: Renounce Religion


You were on level 6 of the Dungeon.
You worshipped Okawaru.
Okawaru was noncommittal.
You visited 1 branch of the dungeon, and saw 6 of its levels.

You collected 322 gold pieces.
You spent 97 gold pieces at shops.


Innate Abilities, Weirdness & Mutations

You have very sharp teeth.
Your muscles are strong. (Str +4, Int/Dex -1)


   Skills:
 - Level 3.6 Fighting
 + Level 12.1 Ranged Weapons
 - Level 1.2 Armour
 - Level 4.3 Dodging
 - Level 1.2 Stealth
 - Level 1.0 Invocations


You had 7 spell levels left.
You didn't know any spells.
Your spell library was empty.

Inventory:

Hand Weapons
 Y - a +2 shortbow (weapon)
Armour
 d - a +2 ring mail (worn)
 k - a +3 leather armour of cold resistance
Jewellery
 a - a +6 ring of intelligence
 b - a ring of protection from fire (left hand)
 c - a ring of protection from fire
 f - a ring of willpower (right hand)
Scrolls
 e - 7 scrolls of identify
Potions
 g - 2 potions of mutation
 h - a potion of curing
 i - 3 potions of heal wounds
 j - 2 potions of might

Dungeon Overview and Level Annotations

Branches:
Dungeon (6/15)             Temple (0/1) D:6

Altars:
Elyvilon
Makhleb
Okawaru
Sif Muna
Zin

Shops:
D:1 *   D:2 :*[?

Annotations:
D:3 1 runed translucent door, Crazy Yiuf


Message History

You gain the combat prowess of a mighty hero.
You can no longer gain great but temporary skills.
You shoot an arrow.
The arrow hits the troll but does no damage.
You shoot an arrow. The arrow hits the troll.
The troll is lightly wounded.
You shoot an arrow. The arrow hits the troll.
The troll is moderately wounded.
You shoot an arrow. The arrow hits the troll!
The troll is heavily wounded.
The troll bites you but does no damage. The troll claws you.
The troll misses you.
You shoot an arrow. The arrow hits the troll!
The troll is severely wounded.
You shoot an arrow.
The arrow hits the troll but does no damage.
The troll is severely wounded.
The troll barely misses you. The troll claws you. x2
You shoot an arrow. The arrow hits the troll!
The troll is severely wounded.
The troll bites you. The troll claws you.
The troll claws you but does no damage.
You shoot an arrow. The arrow closely misses the troll.
The troll misses you. The troll closely misses you.
The troll claws you but does no damage.
You shoot an arrow. The arrow barely misses the troll.
The troll barely misses you. The troll claws you. The troll claws you!
You shoot an arrow. The arrow hits the troll.
The troll is almost dead.
You shoot an arrow. The arrow barely misses the troll.
The troll completely misses you. The troll misses you.
The troll barely misses you.
You shoot an arrow. The arrow barely misses the troll.
The troll bites you but does no damage. The troll misses you.
The troll closely misses you.
You shoot an arrow. The arrow hits the troll.
The troll is almost dead.
You feel like a meek peon again. The troll bites you!
You die...

## ##.## ##...## .#
######...###..#..#
.###............###.#
..##.####...###..#..#
..##.#####.## ##...##
...#..<..>.# #####
.....#######
.....##############
...............)@.#
...#.############T#
#.##.# .# #.##.# .#
#.##.# .# ..##.# .#
#.##.###### .#
........... !#
#.#...####


You could see a troll.

Vanquished Creatures
  Grinder (D:3)
  A black bear (D:3)
  An ogre (D:4)
  2 phantoms
  A bullfrog (D:6)
  A scorpion (D:5)
  A howler monkey (D:4)
  A gnoll bouda (D:6)
  A jelly (D:5)
  A hound (D:4)
  3 orc priests
  4 iguanas
  A sleepcap (D:6)
  2 orc wizards (D:3)
  8 gnolls
  6 adders
  A shadow imp (D:5)
  2 white imps
  2 ufetubi (D:5)
  A worm (D:4)
  3 dart slugs
  10 orcs
  11 endoplasms
  6 giant cockroaches
  7 goblins
  3 hobgoblins
  A jackal (D:4)
  4 kobolds
  4 quokkas
  14 ball pythons
  4 bats
  2 frilled lizards (D:1)
  5 rats
115 creatures vanquished.

Vanquished Creatures (others)
  A quokka (D:3)
1 creature vanquished.

Grand Total: 116 creatures vanquished

Notes
Turn   | Place    | Note
-------+----------+-------------------------------------------
     0 | D:1      | qw the Deep Elf Hunter began the quest for the Orb.
     0 | D:1      | Reached XP level 1. HP: 12/12 MP: 3/3
     0 | D:1      | 0 ||| qw: Version: 0.3-a-9-g12657ce
     0 | D:1      | 0 ||| qw: Game counter: 2973
     0 | D:1      | 0 ||| qw: Always use a shield: true
     0 | D:1      | 0 ||| qw: God list: Okawaru
     0 | D:1      | 0 ||| qw: Allow faded altars: false
     0 | D:1      | 0 ||| qw: Do Orc after D:15 true
     0 | D:1      | 0 ||| qw: Do second Lair branch before Depths: true
     0 | D:1      | 0 ||| qw: Lair rune preference: random
     0 | D:1      | 0 ||| qw: Plans: Normal
     0 | D:1      | 0 ||| PLANNING D:1-11
    65 | D:1      | Reached XP level 2. HP: 16/16 MP: 4/4
    82 | D:1      | Reached skill level 6 in Ranged Weapons
   116 | D:1      | Found Racol's Assorted Antiques.
   134 | D:1      | 134 ||| BUYING bubbling sapphire potion (17 gold).
   134 | D:1      | Bought a bubbling sapphire potion for 17 gold pieces
   134 | D:1      | 134 ||| SHOPLISTING ring mail (76 gold, have 15).
   134 | D:1      | 134 ||| SHOPLISTING scroll labelled FUJ CUSAWKUOBE (19
                  | gold, have 15).
   134 | D:1      | 134 ||| SHOPLISTING scroll labelled MARORE ZYLAUSKYONO (19
                  | gold, have 15).
   134 | D:1      | 134 ||| SHOPLISTING scroll labelled OCULA PATIXIDE (19
                  | gold, have 15).
   134 | D:1      | 134 ||| SHOPLISTING shiny acid dragon scales (817 gold,
                  | have 15).
   399 | D:1      | 399 ||| READING scroll labelled NUDULOXKEOBO.
   400 | D:1      | 400 ||| READING 2 scrolls labelled MARORE ZYLAUSKYONO.
   401 | D:1      | 401 ||| READING scroll labelled NYIVOS OXZUMOTH.
   402 | D:1      | 402 ||| READING scroll labelled OCULA PATIXIDE.
   406 | D:1      | 406 ||| READING scroll labelled TUYFENG CUUSKU.
   407 | D:1      | 407 ||| DRINKING 2 fuming pink potions.
   408 | D:1      | 408 ||| DROPPING scroll of butterflies.
   427 | D:2      | 427 ||| STAIRDANCE
   432 | D:1      | Reached XP level 3. HP: 11/20 MP: 5/5
   485 | D:2      | Found a faded altar of an unknown god.
   549 | D:2      | Found Lypp's Magic Scroll Shop.
   553 | D:2      | 553 ||| BUYING scroll of identify (26 gold).
   553 | D:2      | Bought a scroll of identify for 26 gold pieces
   553 | D:2      | 553 ||| BUYING scroll of identify (26 gold).
   553 | D:2      | Bought a scroll of identify for 26 gold pieces
   553 | D:2      | 553 ||| SHOPLISTING scroll of teleportation (39 gold, have
                  | 23).
   565 | D:2      | Reached skill level 7 in Ranged Weapons
   579 | D:2      | HP: 4/20 [gnoll/+0 spear (9)]
   580 | D:2      | 580 ||| READING scroll of teleportation.
   581 | D:2      | 581 ||| DRINKING potion of heal wounds.
   602 | D:2      | HP: 4/20 [gnoll/+0 whip (4)]
   604 | D:2      | Reached XP level 4. HP: 5/25 MP: 6/6
   856 | D:2      | Found Caaprasi's Book Shop.
   919 | D:2      | Found Sosheuserph's Assorted Antiques.
   926 | D:2      | 926 ||| BUYING bubbling sapphire potion (14 gold).
   926 | D:2      | Bought a bubbling sapphire potion for 14 gold pieces
   926 | D:2      | 926 ||| SHOPLISTING glowing cloak (120 gold, have 19).
   926 | D:2      | 926 ||| BUYING murky purple potion (14 gold).
   926 | D:2      | Bought a murky purple potion for 14 gold pieces
   926 | D:2      | 926 ||| SHOPLISTING pair of gloves (72 gold, have 5).
   926 | D:2      | 926 ||| SHOPLISTING scroll labelled KENISCH UXUESUS (16
                  | gold, have 5).
   926 | D:2      | 926 ||| SHOPLISTING scroll labelled TIYBYO NIUVEGA (16
                  | gold, have 5).
   926 | D:2      | 926 ||| SHOPLISTING scroll of identify (32 gold, have 5).
   960 | D:2      | Found Jaisivvai's Antique Armour Emporium.
   968 | D:2      | 968 ||| SHOPLISTING glowing robe (74 gold, have 5).
   968 | D:2      | 968 ||| SHOPLISTING helmet (90 gold, have 5).
   979 | D:2      | Found a glowing silver altar of Zin.
  1102 | D:2      | Reached skill level 8 in Ranged Weapons
  1108 | D:2      | 1108 ||| UPGRADING to +0 ring mail.
  1118 | D:2      | 1118 ||| DROPPING +0 leather armour.
  1119 | D:2      | 1119 ||| UPGRADING to amulet of guardian spirit.
  1124 | D:2      | 1124 ||| UPGRADING to ring of protection from fire.
  1125 | D:2      | 1125 ||| READING scroll labelled FUJ CUSAWKUOBE.
  1126 | D:2      | 1126 ||| DRINKING 2 viscous white potions.
  1126 | D:2      | Gained mutation: Your muscles are strong. (Str +4, Int/Dex
                  | -1) [potion of mutation]
  1126 | D:2      | Gained mutation: You have very sharp teeth. [potion of
                  | mutation]
  1127 | D:2      | 1127 ||| DRINKING 2 bubbling sapphire potions.
  1128 | D:2      | 1128 ||| READING 4 scrolls of identify.
  1128 | D:2      | 1128 ||| IDENTIFYING murky purple potion
  1129 | D:2      | 1129 ||| READING 3 scrolls of identify.
  1129 | D:2      | 1129 ||| IDENTIFYING smoky blue potion
  1130 | D:2      | 1130 ||| DROPPING potion of lignification.
  1230 | D:3      | Noticed a black bear
  1239 | D:3      | Killed a black bear
  1240 | D:3      | Reached skill level 9 in Ranged Weapons
  1240 | D:3      | Reached XP level 5. HP: 10/29 MP: 2/7
  1240 | D:3      | 1240 ||| FLEEEEING.
  1424 | D:3      | Noticed Grinder
  1431 | D:3      | Paralysed by Grinder for 2 turns
  1437 | D:3      | Killed Grinder
  1438 | D:3      | Reached skill level 3 in Fighting
  1438 | D:3      | Reached XP level 6. HP: 25/37 MP: 5/8
  1626 | D:3      | 1626 ||| FLEEEEING.
  1627 | D:3      | 1627 ||| FLEEEEING.
  1628 | D:3      | 1628 ||| FLEEEEING.
  1629 | D:3      | 1629 ||| FLEEEEING.
  1630 | D:3      | 1630 ||| FLEEEEING.
  1631 | D:3      | 1631 ||| FLEEEEING.
  1632 | D:3      | 1632 ||| FLEEEEING.
  1633 | D:3      | 1633 ||| FLEEEEING.
  1637 | D:3      | 1637 ||| FLEEEEING.
  1638 | D:3      | 1638 ||| FLEEEEING.
  1639 | D:3      | 1639 ||| FLEEEEING.
  1640 | D:3      | 1640 ||| FLEEEEING.
  1641 | D:3      | 1641 ||| FLEEEEING.
  1642 | D:3      | 1642 ||| FLEEEEING.
  1643 | D:3      | 1643 ||| FLEEEEING.
  1676 | D:3      | Reached skill level 3 in Dodging
  1810 | D:3      | Found a runed translucent door.
  1811 | D:3      | Noticed Crazy Yiuf
  1967 | D:3      | Found a white marble altar of Elyvilon.
  2184 | D:3      | 2184 ||| UPGRADING to ring of willpower.
  2185 | D:3      | 2185 ||| READING 2 scrolls labelled FANGEA GUDOTY.
  2186 | D:3      | 2186 ||| READING scroll of enchant armour.
  2186 | D:3      | 2186 ||| ENCHANTING +0 ring mail.
  2187 | D:3      | 2187 ||| READING 6 scrolls of identify.
  2187 | D:3      | 2187 ||| IDENTIFYING ruby potion
  2188 | D:3      | 2188 ||| DROPPING potion of berserk rage.
  2266 | D:4      | Found a burning altar of Makhleb.
  2274 | D:4      | 2274 ||| READING scroll of enchant armour.
  2274 | D:4      | 2274 ||| ENCHANTING +1 ring mail.
  2387 | D:4      | Reached XP level 7. HP: 37/41 MP: 9/9
  2509 | D:4      | Found an iron altar of Okawaru.
  2510 | D:4      | 2510 ||| PLANNING OKAWARU WORSHIP
  2510 | D:4      | 2510 ||| READING 5 scrolls of identify.
  2510 | D:4      | 2510 ||| IDENTIFYING emerald potion
  2511 | D:4      | 2511 ||| DROPPING potion of degeneration.
  2524 | D:4      | Became a worshipper of Warmaster Okawaru
  2525 | D:4      | 2525 ||| PLANNING D:1-11
  2525 | D:4      | 2525 ||| REMOVING amulet of guardian spirit.
  2560 | D:4      | HP: 9/41 [phantom (3)]
  2561 | D:4      | 2561 ||| READING scroll of teleportation.
  2702 | D:4      | Reached skill level 10 in Ranged Weapons
  2963 | D:4      | 2963 ||| READING scroll of enchant weapon.
  2963 | D:4      | 2963 ||| ENCHANTING +1 shortbow.
  2993 | D:4      | Reached skill level 11 in Ranged Weapons
  3154 | D:4      | 3154 ||| DROPPING amulet of guardian spirit.
  3168 | D:5      | Entered Level 5 of the Dungeon
  3422 | D:5      | Reached * piety under Okawaru
  3426 | D:5      | 3426 ||| FLEEEEING.
  3430 | D:5      | 3430 ||| FLEEEEING.
  3655 | D:5      | 3655 ||| INVOKING Heroism.
  3658 | D:5      | Reached skill level 12 in Ranged Weapons
  3658 | D:5      | Reached XP level 8. HP: 31/47 MP: 7/10
  3913 | D:5      | 3913 ||| READING scroll labelled LOTOB VUFIHOPH.
  3914 | D:5      | 3914 ||| READING scroll labelled QOEZXI RAGOE.
  3934 | D:6      | 3934 ||| STAIRDANCE
  4088 | D:6      | Found a staircase to the Ecumenical Temple.
  4187 | D:6      | Found a shimmering blue altar of Sif Muna.
  4198 | D:6      | 4198 ||| Stepping ~*~*~tactically~*~*~ (outnumbered).
  4200 | D:6      | 4200 ||| Stepping ~*~*~tactically~*~*~ (outnumbered).
  4207 | D:6      | Reached skill level 1 in Armour
  4207 | D:6      | 4207 ||| Stepping ~*~*~tactically~*~*~ (outnumbered).
  4326 | D:6      | Reached skill level 1 in Invocations
  4577 | D:6      | Noticed a troll
  4578 | D:6      | 4578 ||| INVOKING Heroism.
  4591 | D:6      | Slain by a troll

Levels and vault maps discovered:
D:1:      lightli_molten_gateway, layout_rooms, serial_shops, shop,
          minmay_worlds_worst_comb
D:2:      layout_rooms, basic_altar, serial_shops, shop, shop, shop, shop,
          hellmonk_ecumenical_altar_slurped_away, kennysheep_generic_room_15
D:3:      layout_loops_ring, elyvilon_altar_4, uniq_crazy_yiuf_cottage,
          uniq_grinder
D:4:      minmay_octagon_keep, layout_loops_ring,
          nicolae_overflow_crystal_walls,
          mainiacjoe_overflow_concentric_impassable, minmay_misc_feat_five
D:5:      layout_basic
D:6:      layout_loops_ring, lemuel_doored_altar, minmay_temple_entry_crystal_x,
          hangedman_decor_opposing

Skill      XL: |  1  2  3  4  5  6  7  8 |
---------------+-------------------------+-----
Ranged Weapons | 6 7 9 12 | 12.1
Fighting       | 3 |  3.6
Dodging        | 3 4 |  4.3
Armour         | 1 |  1.2
Invocations    | 1 |  1.0
Stealth        | |  1.2

Action                     |  1- 3 |  4- 6 |  7- 9 || total
---------------------------+-------+-------+-------++-------
   Fire: Shortbow          |    90 |   134 |   226 ||   450
 Invoke: Heroism           |       |       |     2 ||     2
    Use: Scroll            |     6 |     7 |     5 ||    18
         Potion            |     2 |     2 |       ||     4
 Armour: Leather armour    |     6 |     5 |       ||    11
         Ring mail         |       |     5 |    30 ||    35
  Dodge: Dodged            |    16 |    27 |    53 ||    96

Table legend:
 A = Non-vault XP
 B = Vault XP
 C = Vault XP percentage of total XP
 D = Non-vault monster count
 E = Vault monster count
 F = Vault count percentage of total count
                 A         B        C        D         E       F
            +---------+---------+-------+---------+---------+-------
      Total |    1430 |     436 |  23.4 |      95 |      20 |  17.4
            +---------+---------+-------+---------+---------+-------
        D:1 |      37 |       8 |  17.8 |      18 |       4 |  18.2
        D:2 |      99 |      17 |  14.7 |      22 |       3 |  12.0
        D:3 |     270 |     281 |  51.0 |      15 |       1 |   6.2
        D:4 |     338 |     130 |  27.8 |      14 |      12 |  46.2
        D:5 |     441 |       0 |   0.0 |      17 |       0 |   0.0
        D:6 |     245 |       0 |   0.0 |       9 |       0 |   0.0
            +---------+---------+-------+---------+---------+-------
